 Dungeon Crawl Stone Soup version 0.19.4-9-g45fd643 (webtiles) character file.

35 equalderp2856 the Scratcher (level 3, 0/17 HPs)
             Began as a Felid Fighter on Feb 15, 2017.
             Slain by Grinder (1 damage)
             ... on level 3 of the Dungeon.
             The game lasted 00:06:33 (2457 turns).

equalderp2856 the Scratcher (Felid Fighter)         Turns: 2457, Time: 00:06:33

Health: 0/17       AC:  1    Str: 13    XL:     3   Next: 16%
Magic:  4/4        EV: 20    Int:  9    God:
Gold:   141        SH:  0    Dex: 15    Spells: 0 memorised, 2 levels left
                                        Lives:  0   Deaths: 1

rFire  . . .     SeeInvis +       - Unarmed
rCold  . . .     Gourm    .     (armour unavailable)
rNeg   . . .     Faith    .     (shield unavailable)
rPois  .         Spirit   .     (helmet unavailable)
rElec  .         Reflect  .     (cloak unavailable)
rCorr  .         Harm     .     (gloves unavailable)
MR     .....                    (boots unavailable)
Stlth  ++........               (no amulet)
                                (no ring)
                                (no ring)

@: quick
A: no armour, no weapons or thrown items, stealth, claws 1, fangs 3, see
invisible, carnivore 3, speed 1, shaggy fur 1, slow metabolism 1, sharp paws
a: no special abilities


You were on level 3 of the Dungeon.
You were not hungry.

You visited 1 branch of the dungeon, and saw 3 of its levels.

You collected 141 gold pieces.

Inventory:

Missiles
 g - 17 poisoned needles
 j - 48 arrows
 k - 2 needles of sleeping
Scrolls
 c - 2 scrolls of immolation {unknown}
 d - 5 scrolls of teleportation {unknown}
 e - 2 scrolls of identify {unknown}
 f - a scroll of enchant armour {unknown}
 m - a scroll of recharging {unknown}
Potions
 a - a potion of might
 i - a potion of mutation {unknown}
 l - 2 potions of cure mutation {unknown}
 n - a potion of curing
Comestibles
 b - 2 meat rations
 h - 2 bread rations
 o - a beef jerky


   Skills:
 + Level 3.4 Fighting
 + Level 4.7 Dodging
 + Level 5.1 Unarmed Combat


You had 2 spell levels left.
You didn't know any spells.

Dungeon Overview and Level Annotations

Branches:
Dungeon (3/15)

Altars:

Annotations:
D:3 Grinder; Paps's ghost, amateur TrMo


Innate Abilities, Weirdness & Mutations

You cannot wear armour.
You are incapable of wielding weapons or throwing items.
Your paws allow you to move quietly. (Stealth)
You have sharp claws.
You have razor-sharp teeth.
You have supernaturally acute eyesight. (SInv)
You are carnivorous and can eat meat at any time.
You cover ground quickly.
You are covered in fur. (AC +1)
You have a slow metabolism.
Your sharp claws are effective at attacking unaware monsters.


Message History

Grinder is almost dead.
Grinder closely misses you.
You barely miss Grinder.
Grinder is almost dead.
Grinder completely misses you.
You completely miss Grinder. You claw Grinder. You bite Grinder.
Grinder is almost dead.
You closely miss Grinder.
Grinder is almost dead.
Grinder completely misses you.
You barely miss Grinder.
Grinder is almost dead.
Grinder gestures at you.
You barely resist. You closely miss Grinder.
Grinder is almost dead.
Grinder hits you!
* * * LOW HITPOINT WARNING * * *
You writhe in agony.
You die...

################
#.......@5.....#
#.############.##########
#.# #<.......# #....^....
#.# ########.# #.########
#.# #.#.#.#.>..... #######.#
#.#.#.#.###### #.......#
#.#.#)#.#
###.################.#.#)#.#
.....................#.#.#.#


You could see Grinder.

Vanquished Creatures
  2 adders (D:2)
  A worm (D:2)
  5 dart slugs
  3 leopard geckos
  2 ball pythons
  5 bats
  2 giant cockroaches (D:1)
  3 goblins
  4 hobgoblins
  2 quokkas (D:3)
  2 frilled lizards (D:2)
  6 kobolds (D:3)
  7 rats
44 creatures vanquished.

Notes
Turn   | Place    | Note
-------+----------+-------------------------------------------
     0 | D:1      | equalderp2856 the Felid Fighter began the quest for the Orb.
     0 | D:1      | Reached XP level 1. HP: 10/10 MP: 2/2
   279 | D:1      | Reached XP level 2. HP: 14/14 MP: 3/3
   857 | D:2      | Reached XP level 3. HP: 16/17 MP: 4/4
  1990 | D:3      | Reached skill level 5 in Unarmed Combat
  1991 | D:3      | Reached XP level 4. HP: 21/21 MP: 5/5
  2049 | D:3      | Noticed Paps's ghost (amateur TrMo)
  2262 | D:3      | Noticed a big kobold
  2277 | D:3      | Slain by a big kobold
  2278 | D:3      | Reached XP level 3. HP: 0/17 MP: 4/4
  2432 | D:3      | Noticed Grinder
  2436 | D:3      | Paralysed by Grinder for 2 turns
  2443 | D:3      | Paralysed by Grinder for 2 turns
  2457 | D:3      | Slain by Grinder

Skill      XL: |  1  2  3 |
---------------+----------+-----
Unarmed Combat | 5 |  5.1
Fighting       | |  3.4
Dodging        | |  4.7

Action                   |  1- 3 |  4- 6 || total
-------------------------+-------+-------++-------
Melee: Unarmed           |   117 |    20 ||   137
       Bite              |    10 |     1 ||    11
       Punch             |     3 |       ||     3
  Use: Potion            |     1 |     1 ||     2
 Stab: Sleeping          |     2 |       ||     2
  Eat: Chunk             |     8 |     2 ||    10
Armor: Skin              |    10 |     2 ||    12
Dodge: Dodged            |    83 |    12 ||    95
